 Dungeon Crawl Stone Soup version 0.29-a0-375-g5102b3be25 (webtiles) character file.

Game seed: 16495287860172159156

97 purpskrrrp the Insei (level 4, -9/32 HPs)
             Began as a Demonspawn Transmuter on May 4, 2022.
             Mangled by a fire elemental (15 damage)
             ... created by the fiery vengeance of Ignis
             ... on level 3 of the Dungeon.
             The game lasted 00:17:18 (1625 turns).

purpskrrrp the Insei (Demonspawn Transmuter)        Turns: 1625, Time: 00:17:19

Health: -9/32      AC:  8    Str: 15 (17) XL:     4   Next: 42%
Magic:  7/7        EV:  9    Int: 11 (14) God:
Gold:   39         SH:  0    Dex: 10 (13) Spells: 6/7 levels left

rFire   . . .      SeeInvis .   i - +5 spear "Sezu" {flame, Stlth+}
rCold   . . .      Faith    .   (no shield)
rNeg    + + .      Spirit   .   k - +2 scale mail "Ebosk" {Harm rN++ Str+4 Stlth-}
rPois   .          Reflect  .   (helmet restricted)
rElec   .          Harm     +   (no cloak)
rCorr   .          Rampage  .   (no gloves)
Will    .....                   (no boots)
Stlth   ..........              (no amulet)
HPRegen 0.10/turn               e - ring of protection from fire
MPRegen 0.10/turn               (no ring)

@: fire susceptible
A: claws 1, horns 1
a: no special abilities


You were on level 3 of the Dungeon.
You visited 1 branch of the dungeon, and saw 3 of its levels.

You collected 39 gold pieces.

Inventory:

Hand Weapons
 i - the +5 spear "Sezu" (weapon) {flame, Stlth+}
   (You found it on level 3 of the Dungeon)

   It burns those it strikes, dealing additional fire damage.
   Stlth:     It makes you more stealthy.
Armour
 a - a +0 robe
 c - a +0 ring mail
 g - a +0 helmet
 k - the +2 scale mail "Ebosk" (worn) {Harm rN++ Str+4 Stlth-}
   (You found it on level 3 of the Dungeon)

   Str:       It affects your strength (+4).
   rN:        It greatly protects you from negative energy.
   Harm:      It increases damage dealt and taken.
   Stlth:     It makes you less stealthy.
Jewellery
 e - a ring of protection from fire (left claw)
Scrolls
 m - a scroll of identify {unknown}
Potions
 b - 3 potions of lignification
 d - 2 potions of curing {unknown}
 h - a potion of heal wounds {unknown}
 l - a potion of attraction {unknown}


   Skills:
 + Level 1.3 Fighting
 + Level 0.1 Polearms
 + Level 1.2 Armour
 + Level 2.5 Dodging
 + Level 0.3 Stealth
 + Level 3.6 Unarmed Combat
 + Level 2.2 Spellcasting
 + Level 1.8 Transmutations


You had 6 spell levels left.
You knew the following spells:

 Your Spells              Type           Power      Damage    Failure   Level
a - Beastly Appendage     Tmut           10%        N/A       50%         1

Your spell library contained the following spells:

 Spells                   Type           Power      Damage    Failure   Level
 Wereblood                Tmut           5%         N/A       63%         2
 Spider Form              Tmut/Pois      3%         N/A       94%         3
 Ice Form                 Ice/Tmut       3%         N/A       100%        4


Dungeon Overview and Level Annotations

Branches:
Dungeon (3/15)

Altars:
Wu Jian
Ignis


Innate Abilities, Weirdness & Mutations

You have sharp fingernails.
You have a pair of small horns on your head.


Message History

Really quaff the potion of lignification?
You turn into a tree.
The +2 scale mail "Ebosk" {Harm rN++ Str+4 Stlth-} melds into your body.
Your roots penetrate the ground.
You hit Natasha. You burn Natasha.
Natasha is lightly wounded.
Natasha claws you but does no damage. Natasha casts a spell at you.
You resist with some effort.
You hit Natasha. You burn Natasha.
Natasha is severely wounded.
Natasha claws you but does no damage. x2
You hit Natasha. You burn Natasha.
Natasha is almost dead.
Natasha casts a spell at you. The magic dart hits you.
Natasha claws you but does no damage.
You hit Natasha. You burn Natasha.
You kill Natasha!
Natasha screams in fury as she dies!
You start resting.
You feel yourself speed up.
You start resting.
Your transformation is almost over.
You feel less wooden.
The +2 scale mail "Ebosk" {Harm rN++ Str+4 Stlth-} unmelds from your body.
You start resting.
Ignis wails with rage, and rains down burning fury! 3 fire elementals come into view.
The fire elemental moves out of view.
You see here the felid corpse of Natasha.
As you read the scroll labelled NIUMASUXOE, it crumbles to dust.
You feel aware of your surroundings.
You sensed 1 altar.
It was a scroll of magic mapping.
The fire elemental hits you. The fire elemental burns you!
* * * LOW HITPOINT WARNING * * *
It was a potion of degeneration.
There was something very wrong with that liquid.
You feel weakened.
You feel dopey.
You feel clumsy. The fire elemental hits you. The fire elemental burns you!
You die...

##* #E#### **********
#.○°°# #........# #E##E#
#........# #.##°#
#........# #.##E#
#........# #.##E#
#........# #.##@#
#........#
#.##.#####........#
####.##.##...........#
#.......##...........#
#.##.#####...........#
*,*#.................#
*,*#######h##........#
*,,......#†##........###
**######................


You could see 3 fire elementals.

Vanquished Creatures
  Natasha (twice) (D:3)
  2 dart slugs
  3 endoplasms
  2 giant cockroaches (D:1)
  3 hobgoblins (D:1)
  4 jackals (D:1)
  2 quokkas (D:3)
  4 ball pythons
  6 bats
  3 frilled lizards (D:1)
  6 goblins
  2 kobolds (D:1)
  5 rats
44 creatures vanquished.

Notes
Turn   | Place    | Note
-------+----------+-------------------------------------------
     0 | D:1      | purpskrrrp the Demonspawn Transmuter began the quest for
                  | the Orb.
     0 | D:1      | Reached XP level 1. HP: 15/15 MP: 3/3
   328 | D:1      | Reached skill level 3 in Unarmed Combat
   335 | D:1      | Discovered your monstrous ancestry.
   335 | D:1      | Gained mutation: You have sharp fingernails. [demonic
                  | ancestry]
   335 | D:1      | Reached XP level 2. HP: 21/21 MP: 5/5
   545 | D:1      | Found a faded altar of an unknown god.
   618 | D:1      | Prayed at the altar of an unknown god.
   618 | D:1      | Became a worshipper of Ignis, the Dying Flame
   746 | D:1      | Fell from the grace of Ignis
   767 | D:1      | Gained mutation: You have a pair of small horns on your
                  | head. [demonic ancestry]
   767 | D:1      | Reached XP level 3. HP: 26/26 MP: 6/6
  1128 | D:2      | You fall into a shaft and drop 1 floor!
  1132 | D:3      | Found an ornate altar of the Wu Jian Council.
  1191 | D:3      | Identified the +5 spear "Sezu" {flame, Stlth+}
  1266 | D:3      | Identified the +2 scale mail "Ebosk" {Harm rN++ Str+4
                  | Stlth-}
  1451 | D:3      | Noticed Natasha
  1459 | D:3      | Killed Natasha
  1460 | D:3      | Reached skill level 1 in Armour
  1460 | D:3      | Reached XP level 4. HP: 11/32 MP: 7/7
  1550 | D:3      | Noticed Natasha
  1577 | D:3      | Killed Natasha
  1619 | D:3      | Noticed a fire elemental
  1619 | D:3      | Noticed a fire elemental
  1619 | D:3      | Noticed a fire elemental
  1625 | D:3      | Mangled by a fire elemental

Illustrated notes

Levels and vault maps discovered:
D:1:      scummos_arrival_hexagon, layout_rooms,
          hellmonk_ecumenical_altar_arch_garden, minmay_misc_feat_five
D:2:      layout_basic, serial_shops, shop, minmay_octomino_e4, uniq_jessica
D:3:      layout_basic, nicolae_wu_jian_wuxing_cycle, general_overflow_altar,
          uniq_natasha

Skill      XL: |  1  2  3 |
---------------+----------+-----
Unarmed Combat | 3 |  3.6
Dodging        | 2 |  2.5
Armour         | 1 |  1.2
Fighting       | |  1.3
Polearms       | |  0.1
Stealth        | |  0.3
Spellcasting   | |  2.2
Transmutations | |  1.8

Action                   |  1- 3 |  4- 6 || total
-------------------------+-------+-------++-------
Melee: Unarmed           |   104 |       ||   104
       Punch             |     3 |       ||     3
       Spear             |    14 |     6 ||    20
       Headbutt          |     6 |       ||     6
Invok: Renounce Religion |     1 |       ||     1
  Use: Scroll            |     3 |     1 ||     4
       Potion            |       |     2 ||     2
 Stab: Sleeping          |     1 |       ||     1
Armor: Ring mail         |    93 |       ||    93
       Robe              |     2 |       ||     2
       Scale mail        |     4 |     3 ||     7
       Skin              |       |     4 ||     4
Dodge: Dodged            |    86 |       ||    86

Table legend: (Time is in decaauts)
 A = Elapsed time spent in this place.
 B = Non-inter-level travel time spent in this place.
 C = Inter-level travel time spent in this place.
 D = Time resting spent in this place.
 E = Time spent auto-exploring this place.
 F = Levels seen in this place.
 G = Mean time per level.
                   A        B        C        D        E       F      G
               +--------+--------+--------+--------+--------+-----+--------+
         Total |   1636 |   1398 |    238 |    140 |    823 |   3 |  545.3 |
       Dungeon |   1636 |   1398 |    238 |    140 |    823 |   3 |  545.3 |
               +--------+--------+--------+--------+--------+-----+--------+

Top non-repeatable levels by time:
     D:1: 1040 daAuts
     D:3: 514 daAuts
     D:2: 81 daAuts
